 Dungeon Crawl Stone Soup version 0.29.1-12-g30fa7ad0bf (webtiles) character file.

Game seed: 12053636218830180036

55 sweetbreads the Sneak (level 3, 0/16 HPs)
             Began as a Spriggan Enchanter on Jan 7, 2023.
             Killed by nerve-wracking pain
             ... invoked by an orc priest
              (14 damage)
             ... on level 2 of the Dungeon.
             The game lasted 00:08:42 (2997 turns).

sweetbreads the Sneak (Spriggan Enchanter)          Turns: 2997, Time: 00:08:43

Health: 0/16       AC:  2    Str:  4    XL:     3   Next: 67%
Magic:  4/8        EV: 17    Int: 18    God:
Gold:   97         SH:  0    Dex: 15    Spells: 0/8 levels left

rFire   . . .      SeeInvis +   a - +1 dagger
rCold   . . .      Faith    .   (no shield)
rNeg    . . .      Spirit   .   b - +0 robe
rPois   .          Reflect  .   (helmet restricted)
rElec   .          Harm     .   (no cloak)
rCorr   .          Rampage  .   (gloves unavailable)
Will    .....                   (boots unavailable)
Stlth   +++.......              (no amulet)
HPRegen 0.05/turn               (no ring)
MPRegen 0.11/turn               (no ring)

@: very quick
A: very small, no large weapons, unfitting armour, see invisible, speed 3
a: no special abilities


You were on level 2 of the Dungeon.
You visited 1 branch of the dungeon, and saw 3 of its levels.

You collected 97 gold pieces.

Inventory:

Hand Weapons
 a - a +1 dagger (weapon)
Armour
 b - a +0 robe (worn)
Scrolls
 e - a scroll of poison {unknown}
 g - a scroll of vulnerability {unknown}
 i - a scroll of identify {unknown}
 j - a scroll of teleportation {unknown}
 l - a scroll of noise {unknown}
Potions
 c - 2 potions of invisibility
 d - a potion of might {unknown}
 f - a potion of ambrosia {unknown}
 h - a potion of attraction {unknown}
 k - a potion of berserk rage {unknown}
 m - a potion of flight {unknown}


   Skills:
 + Level 2.1 Short Blades
 - Level 3.0 Dodging
 + Level 5.5 Stealth
 - Level 3.0 Spellcasting
 + Level 4.2 Hexes


You couldn't memorise any spells.
You knew the following spells:

 Your Spells              Type           Power      Damage    Failure   Level
a - Ensorcelled Hibernat  Hex/Ice        20%        N/A       11%         2
b - Confusing Touch       Hex            17%        N/A       9%          3
c - Tukima's Dance        Hex            17%        N/A       9%          3

Your spell library contained the following spells:

 Spells                   Type           Power      Damage    Failure   Level
 Dazzling Flash           Conj/Hex       20%        N/A       21%         3
 Portal Projectile        Hex/Tloc       20%        N/A       21%         3
 Blade Hands              Tmut           1%         N/A       99%         5


Dungeon Overview and Level Annotations

Branches:
Dungeon (3/15)

Altars:


Innate Abilities, Weirdness & Mutations

You are very small and have problems with some larger weapons.
You are too small for most types of armour.
You have supernaturally acute eyesight. (SInv)
You cover ground extremely quickly. (Speed+++)


Message History

The orc hits you with a +0 short sword.
You hit the orc.
You kill the orc!
There is a stone staircase leading up here.
There is a stone staircase leading up here.
You start resting.
An orc is nearby!
Casting: Ensorcelled Hibernation (safe; 11% risk of failure)
Confirm with . or Enter, or press ? or * to list all spells.
Aiming: Ensorcelled Hibernation (safe; 11% risk of failure)
Press: ? - help, Shift-Dir - straight line, f - orc
Aim: an orc, wielding a +0 whip and wearing a +0 ring mail (chance to affect: 62%)
The orc looks drowsy...
The helpless orc fails to defend itself.
You impale the orc!!
You kill the orc!
Things that are here:
a +0 whip; a +0 ring mail; an orc corpse You start resting.
Magic restored.
The orc priest shouts!
You hit the orc priest but do no damage.
The orc priest hits you but does no damage.
Casting: Ensorcelled Hibernation (safe; 11% risk of failure)
Confirm with . or Enter, or press ? or * to list all spells.
Aiming: Ensorcelled Hibernation (safe; 11% risk of failure)
Press: ? - help, Shift-Dir - straight line, f - orc priest
Aim: an orc priest, wielding a +0 trident and wearing a +0 scale mail (chance to affect: 44%)
The orc priest resists with some effort.
The orc priest barely misses you.
Casting: Ensorcelled Hibernation (safe; 11% risk of failure)
Confirm with . or Enter, or press ? or * to list all spells.
Aiming: Ensorcelled Hibernation (safe; 11% risk of failure)
Press: ? - help, Shift-Dir - straight line, f/p - orc priest
Aim: an orc priest, wielding a +0 trident and wearing a +0 scale mail (chance to affect: 44%)
The orc priest resists with some effort.
The orc priest invokes the aid of Beogh against you.
Pain shoots through your body!
Ouch! That really hurt!
You die... .. .............)..########... .#######.....##### .. .. #$⌠ ##.#..### . . .. #......## ..o #.......# ~ #.......### .. #...#......# oo.

#...#..###.. ..o.
#..@......... .....#
~...~ #.o...#.... .
..!..#.......#)#........
...............#........
............#.###.......
........... #. .......
.......... .. #......
......... ... ......
##...######... .....


You could see an orc priest.

Vanquished Creatures
  An adder (D:2)
  2 dart slugs (D:2)
  3 orcs (D:2)
  4 bats (D:1)
  3 endoplasms (D:1)
  4 giant cockroaches
  3 goblins (D:1)
  3 hobgoblins (D:1)
  3 quokkas (D:1)
  2 ball pythons (D:1)
  4 kobolds (D:1)
  3 rats
35 creatures vanquished.

Vanquished Creatures (others)
  A bat (D:2)
1 creature vanquished.

Grand Total: 36 creatures vanquished

Notes
Turn   | Place    | Note
-------+----------+-------------------------------------------
     0 | D:1      | sweetbreads the Spriggan Enchanter began the quest for the
                  | Orb.
     0 | D:1      | Reached XP level 1. HP: 9/9 MP: 5/5
   984 | D:1      | Reached XP level 2. HP: 4/13 MP: 6/6
   987 | D:1      | Learned a level 2 spell: Ensorcelled Hibernation
  1665 | D:1      | Reached skill level 5 in Stealth
  1843 | D:1      | Reached XP level 3. HP: 15/16 MP: 3/8
  1847 | D:1      | Learned a level 3 spell: Confusing Touch
  1851 | D:1      | Learned a level 3 spell: Tukima's Dance
  2380 | D:1      | Found a faded altar of an unknown god.
  2799 | D:3      | Noticed an ice beast
  2997 | D:2      | Killed from afar by an orc priest

Illustrated notes

Levels and vault maps discovered:
D:1:      shiori_shiawase, layout_basic, ebering_ecumenical_altar_petrified
D:2:      cheibrodos_pilgrimage, layout_rooms, uniq_robin
D:3:      layout_rooms

Skill      XL: |  1  2  3 |
---------------+----------+-----
Dodging        | 3 |  3.0
Spellcasting   | 3 |  3.0
Stealth        | 5 |  5.5
Hexes          | 4 |  4.2
Short Blades   | 2 |  2.1

Action                   || total
-------------------------++-------
Melee: Dagger            ||   115
       Punch             ||     1
 Cast: Ensorcelled Hiber ||    19
 Stab: Sleeping          ||    19
Armor: Robe              ||    15
Dodge: Dodged            ||    73
